 Dungeon Crawl Stone Soup version 0.24-a0-524-gf43b32f898 (webtiles) character file.

Game seed: 11484908650181925831

77 GordonOverkill the Firebug (level 3, -5/26 HPs)
             Began as a Demigod Fire Elementalist on July 31, 2019.
             Killed from afar by Natasha (14 damage)
             ... with a puff of flame
             ... on level 2 of the Dungeon.
             The game lasted 00:03:50 (1440 turns).

GordonOverkill the Firebug (DgFE)                   Turns: 1440, Time: 00:03:50

Health: -5/26      AC:  3    Str: 11    XL:     3   Next: 92%
Magic:  5/9        EV: 13    Int: 21    God:
Gold:   51         SH:  0    Dex: 16    Spells: 6/7 levels left

rFire    . . .     SeeInvis .   a - +0 hunting sling
rCold    . . .     Gourm    .   (no shield)
rNeg     . . .     Faith    .   d - +0 robe
rPois    .         Spirit   .   (no helmet)
rElec    .         Reflect  .   (no cloak)
rCorr    .         Harm     .   (no gloves)
MR       .....                  e - +0 pair of boots (curse)
Stlth    ++........             (no amulet)
HPRegen  0.08/turn              (no ring)
MPRegen  0.11/turn              (no ring)

@: no status effects
A: high mp 1
a: no special abilities


You were on level 2 of the Dungeon.
You were not hungry.

You visited 1 branch of the dungeon, and saw 2 of its levels.

You collected 51 gold pieces.

Inventory:

Hand Weapons
 a - a +0 hunting sling (weapon)
 b - a +0 dagger
Missiles
 f - 26 stones (quivered)
Armour
 d - a +0 robe (worn)
 e - a cursed +0 pair of boots (worn)
Jewellery
 m - a cursed amulet of inaccuracy {unknown}
Wands
 h - a wand of flame (24)
Scrolls
 j - a scroll of teleportation {unknown}
 l - a scroll of random uselessness {unknown}
 o - a scroll of identify {unknown}
 q - a scroll of remove curse {unknown}
Potions
 g - a potion of ambrosia {unknown}
 i - 2 potions of lignification {unknown}
 k - a potion of magic {unknown}
 n - 2 potions of cancellation {unknown}
 p - 2 potions of mutation {unknown}
Comestibles
 c - 4 rations
 r - 2 chunks of flesh


   Skills:
 - Level 2.0 Dodging
 - Level 2.0 Stealth
 + Level 2.5 Spellcasting
 + Level 2.0 Conjurations
 + Level 3.3 Fire Magic


You had 6 spell levels left.
You knew the following spells:

 Your Spells              Type           Power        Failure   Level  Hunger
a - Flame Tongue          Conj/Fire      ##...        4%          1    None

Your spell library contained the following spells:

 Spells                   Type           Power        Failure   Level  Hunger
 Throw Flame              Conj/Fire      ##....       7%          2    ##.....
 Conjure Flame            Conj/Fire      ##......     14%         3    ###....
 Inner Flame              Hex/Fire       #.......     22%         3    ###....
 Sticky Flame             Conj/Fire      ##......     41%         4    ####...
 Fireball                 Conj/Fire      ##........   77%         5    ######.


Dungeon Overview and Level Annotations

Branches:
Dungeon (2/15)

Annotations:
D:2 Natasha


Innate Abilities, Weirdness & Mutations

You have an increased reservoir of magic. (+10% MP)


Message History

Natasha is lightly wounded.
Natasha stares at you and mumbles some strange words.
The magic dart hits you!
Casting: Flame Tongue (safe; 4% risk of failure)
Confirm with . or Enter, or press ? or * to list all spells.
Aiming: Flame Tongue (safe; 4% risk of failure)
Press: ? - help, Shift-Dir - straight line, f/p - Natasha
Aim: Natasha, carrying a wand of flame (13) (lightly wounded)
The flame tongue hits Natasha.
Natasha is moderately wounded.
Casting: Flame Tongue (safe; 4% risk of failure)
Confirm with . or Enter, or press ? or * to list all spells.
Aiming: Flame Tongue (safe; 4% risk of failure)
Press: ? - help, Shift-Dir - straight line, f/p - Natasha
Aim: Natasha, carrying a wand of flame (13) (moderately wounded)
The flame tongue hits Natasha.
Natasha is severely wounded.
Natasha zaps a wand.
The puff of flame hits you!
Ouch! That really hurt!
You die...

#.#.........#..#.................
#.#..###..#.......####.#########.
#.#..# #..###........#.# ######.
#.#...............##...< ........
#.##.##........[........ ........
#.. .................... #####.#.
########.#####.#.###.#.. .....
.......................( .....#.
####### .#######@....### ####.#.
.. #......h.(.(... # #. ###
#.####.(....(## #. #.........
#.#....... #' ......# .. .......
.. ..###.#


You could see Natasha.

Vanquished Creatures
  Natasha (D:2)
  2 adders (D:2)
  A dart slug (D:1)
  4 bats (D:2)
  A giant cockroach (D:1)
  3 hobgoblins
  8 jackals
  3 goblins (D:1)
  5 kobolds
  4 rats (D:1)
32 creatures vanquished.

Notes
Turn   | Place    | Note
-------+----------+-------------------------------------------
     0 | D:1      | GordonOverkill the Demigod Fire Elementalist began the
                  | quest for the Orb.
     0 | D:1      | Reached XP level 1. HP: 14/14 MP: 5/5
   103 | D:1      | Reached skill level 1 in Conjurations
   435 | D:1      | Reached XP level 2. HP: 20/20 MP: 7/7
   530 | D:1      | Found a shimmering altar of Xom.
   886 | D:2      | Reached skill level 3 in Fire Magic
   963 | D:2      | Reached XP level 3. HP: 26/26 MP: 6/9
  1033 | D:2      | Noticed Natasha
  1052 | D:2      | Killed Natasha
  1436 | D:2      | Noticed Natasha
  1440 | D:2      | Killed from afar by Natasha

Levels and vault maps discovered:
D:1:      dpeg_arrival_rooms_b, layout_rooms, xom_teletrap_fun
D:2:      layout_basic, lemuel_round_altar, uniq_natasha

Skill      XL: |  1  2  3 |
---------------+----------+-----
Conjurations   | 1 2 |  2.0
Stealth        | 2 |  2.0
Dodging        | 2 |  2.0
Spellcasting   | 2 |  2.5
Fire Magic     | 3 |  3.3

Action                   || total
-------------------------++-------
 Fire: Hunting sling     ||    44
 Cast: Flame Tongue      ||    37
  Eat: Chunk             ||     2
Armor: Robe              ||     4
Dodge: Dodged            ||     9

Table legend:
 A = Non-vault XP
 B = Vault XP
 C = Vault XP percentage of total XP
 D = Non-vault monster count
 E = Vault monster count
 F = Vault count percentage of total count
                 A         B        C        D         E       F
            +---------+---------+-------+---------+---------+-------
      Total |      76 |      35 |  31.5 |      31 |       1 |   3.1
            +---------+---------+-------+---------+---------+-------
        D:1 |      28 |       0 |   0.0 |      16 |       0 |   0.0
        D:2 |      48 |      35 |  42.2 |      15 |       1 |   6.2
            +---------+---------+-------+---------+---------+-------
